 Dungeon Crawl Stone Soup version 0.29-a0-266-gf56f883ddd (webtiles) character file.

Game seed: 10935599797767563521

105 spaghetti the Skirmisher (level 4, -2/41 HPs)
             Began as a Demigod Fighter on Mar 6, 2022.
             Hit by a boomerang thrown by an orc (3 damage)
             ... on level 3 of the Dungeon.
             The game lasted 00:03:40 (2385 turns).

spaghetti the Skirmisher (Demigod Fighter)          Turns: 2385, Time: 00:03:41

Health: -2/41      AC: 11    Str: 21    XL:     4   Next: 29%
Magic:  6/6        EV:  5    Int: 10    God:
Gold:   43         SH:  4    Dex: 13    Spells: 3/3 levels left

rFire   . . .      SeeInvis .   o - +2 morningstar (protect) {mace}
rCold   . . .      Faith    .   c - +0 buckler
rNeg    . . .      Spirit   .   n - +0 plate armour
rPois   .          Reflect  .   (no helmet)
rElec   .          Harm     .   (no cloak)
rCorr   .          Rampage  .   (no gloves)
Will    .....                   (no boots)
Stlth   ..........              (no amulet)
HPRegen 0.13/turn               (no ring)
MPRegen 0.10/turn               (no ring)

@: lethally poisoned (-2 -> -18)
A: high MP 1, forlorn, divine attributes
a: no special abilities


You were on level 3 of the Dungeon.
You visited 1 branch of the dungeon, and saw 3 of its levels.

You collected 169 gold pieces.
You spent 126 gold pieces at shops.


Innate Abilities, Weirdness & Mutations

You have an increased reservoir of magic. (+10% MP)
You shall have no god before yourself.
Your divine heritage dramatically boosts your attributes as you level up.


   Skills:
 + Level 4.9 Fighting
 - Level 1.7 Axes
 - Level 2.6 Armour
 - Level 2.6 Shields


You had 3 spell levels left.
You didn't know any spells.
Your spell library was empty.

Inventory:

Hand Weapons
 o - a +2 morningstar of protection (weapon) {mace}
   (You bought it in a shop on level 3 of the Dungeon)
Missiles
 a - 5 silver boomerangs {throwing}
 e - 100 stones (quivered) {throwing}
Armour
 b - a +0 scale mail
 c - a +0 buckler (worn)
 n - a +0 plate armour (worn)
   (You found it on level 3 of the Dungeon)
Wands
 k - a wand of mindburst (14)
   (You found it on level 2 of the Dungeon)
Scrolls
 f - a scroll of acquirement {unknown}
 g - a scroll of vulnerability {unknown}
 h - 2 scrolls of fear {unknown}
 m - a scroll of brand weapon {unknown}
Potions
 d - 2 potions of might
 l - a potion of lignification {unknown}

Dungeon Overview and Level Annotations

Branches:
Dungeon (3/15)

Shops:
D:2 ! D:3

* #.....# #
#.....#
##'##.#
##.##.#
#.o...#
#..#######
#.........
##.######.
#####@#
#.....#
#....s{Kb.....
#.####.####...
# ... ...
..... .._..
.......


You could see a scorpion, an orc and a kobold.


Message History

Key pressed, stopping explore.
A rat comes into view.
You puncture the rat!
Your weapon exudes an aura of protection.
You kill the rat!
Found a stone staircase leading up.
Key pressed, stopping explore.
An orc comes into view. It is wielding a +0 short sword.
The orc shouts!
You hear a shout!
The teleport trap disappears.
The orc disappears!
An orc comes into view. It is wielding a +0 trident.
The orc moves out of view.
An orc wizard comes into view. It is wielding a +2 vampiric dagger.
The orc shouts!
The orc wizard shouts!
A bat comes into view.
A kobold comes into view. It is wielding a +0 short sword.
The kobold shouts!
You closely miss the bat. The bat hits you but does no damage. x3
Found an ancient bone altar of Kikubaaqudgha.
The bat hits you but does no damage. The bat completely misses you.
A scorpion comes into view.
The orc hits you but does no damage. The orc wizard barely misses you.
You closely miss the orc wizard. You block the bat's attack.
You block the orc's attack.
The orc wizard hits you but does no damage.
You barely miss the orc wizard. The bat hits you but does no damage.
The orc closely misses you.
The orc wizard gestures wildly while chanting.
The orc wizard flickers and vanishes!
Deactivating autopickup; reactivate with Ctrl-A.
The orc hits you but does no damage. The kobold hits you but does no damage.
You hear some strange, mumbled words.
Something tries to affect you, but you resist.
You hit the orc.
Your weapon exudes an aura of protection.
You block the orc's attack.
You hear some strange, mumbled words.
A magic dart appears from out of thin air!
The magic dart hits you but does no damage.
The kobold hits you but does no damage.
You barely miss the orc. The orc barely misses you.
The kobold hits you but does no damage.
You hear some strange, mumbled words.
A magic dart appears from out of thin air!
The magic dart hits you but does no damage.
The orc barely misses you.
You hear some strange, mumbled words.
A puff of flame appears from out of thin air!
The puff of flame hits you!
The kobold hits you but does no damage. 😕 HP[-8]
You take 8 damage, and now have 33/41 hp.
You barely miss the orc. You block the orc's attack.
The kobold hits you but does no damage.
Something unseen opens the door.
Something hits you but does no damage.
You puncture the orc!
Your weapon exudes an aura of protection.
You kill the orc!
Something hits you. The kobold hits you but does no damage.
The scorpion stings you but does no damage.
The kobold hits you but does no damage. Something hits you. 😮 HP[-7]
You take 7 damage, and now have 26/41 hp.
You are too injured to fight recklessly!
You are too injured to fight recklessly!
You are too injured to fight recklessly!
You are too injured to fight recklessly!
You are too injured to fight recklessly!
You are too injured to fight recklessly!
You are too injured to fight recklessly!
You are too injured to fight recklessly!
You are too injured to fight recklessly!
You are too injured to fight recklessly!
You are too injured to fight recklessly!
You are too injured to fight recklessly!
You are too injured to fight recklessly!
You are too injured to fight recklessly!
You are too injured to fight recklessly!
Unknown command.
You are too injured to fight recklessly!
You miss something. The scorpion stings you.
You are poisoned.
The scorpion poisons you! Something hits you but does no damage.
The kobold hits you with a +0 short sword.
* * * LOW HITPOINT WARNING * * *
The scorpion stings you but does no damage. 😨 HP[-9]
You take 9 damage, and now have 17/41 hp.
MASSIVE DAMAGE!! (PAUSE)
The scorpion attacks as you move away! The scorpion stings you.
* * * LOW HITPOINT WARNING * * *
You are more poisoned.
The scorpion poisons you!
* * * LOW HITPOINT WARNING * * *
You feel very sick.
A magic dart appears from out of thin air!
The magic dart hits you.
* * * LOW HITPOINT WARNING * * *
The orc throws a boomerang.
The boomerang hits you.
You die...

Skill      XL: |  1  2  3 |
---------------+----------+-----
Fighting       | 3 4 |  4.9
Axes           | |  1.7
Armour         | |  2.6
Shields        | |  2.6

Action                   |  1- 3 |  4- 6 || total
-------------------------+-------+-------++-------
Melee: War axe           |   117 |       ||   117
       Morningstar       |     1 |    18 ||    19
  Use: Potion            |     1 |       ||     1
Armor: Scale mail        |    61 |       ||    61
       Plate armour      |       |    28 ||    28
Dodge: Dodged            |    49 |     6 ||    55
Block: Buckler           |    36 |     6 ||    42

Levels and vault maps discovered:
D:1:      dpeg_arrival_arbitrary_c, layout_basic, basic_ecumenical_altar
D:2:      layout_loops_ring, serial_shops, nicolae_shop_waterfront, basic_altar,
          guppyfry_early_orc_mine
D:3:      layout_basic, nicolae_overflow_crystal_walls, lemuel_tele_altar,
          serial_shops, shop, uniq_ijyb

Notes
Turn   | Place    | Note
-------+----------+-------------------------------------------
     0 | D:1      | spaghetti the Demigod Fighter began the quest for the Orb.
     0 | D:1      | Reached XP level 1. HP: 18/18 MP: 3/3
     0 | D:1      | magus.rc [v1.9.6]
   113 | D:1      | Reached skill level 3 in Fighting
   225 | D:1      | Reached XP level 2. HP: 23/26 MP: 4/4
   950 | D:2      | Found Suihy Lius's Distillery.
   954 | D:2      | Reached XP level 3. HP: 33/33 MP: 5/5
  1062 | D:2      | Reached skill level 4 in Fighting
  1714 | D:3      | Found Pexzalaesi's Assorted Antiques.
  1973 | D:3      | Bought a glowing morningstar for 126 gold pieces
  2067 | D:3      | Reached XP level 4. HP: 41/41 MP: 6/6
  2385 | D:3      | HP: 6/41 [poisoned by a scorpion]
  2385 | D:3      | HP: 1/41 [something/magic dart (5)]
  2385 | D:3      | Hit by a boomerang thrown by an orc

Vanquished Creatures
  4 adders
  A worm (D:2)
  3 dart slugs
  4 orcs
  5 bats
  5 endoplasms
  2 giant cockroaches
  4 hobgoblins
  3 kobolds
  3 quokkas
  5 ball pythons
  4 frilled lizards
  8 goblins
  4 rats
55 creatures vanquished.

Table legend:
 A = Non-vault XP
 B = Vault XP
 C = Vault XP percentage of total XP
 D = Non-vault monster count
 E = Vault monster count
 F = Vault count percentage of total count
                 A         B        C        D         E       F
            +---------+---------+-------+---------+---------+-------
      Total |     134 |      16 |  10.7 |      48 |       7 |  12.7
            +---------+---------+-------+---------+---------+-------
        D:1 |      30 |       0 |   0.0 |      17 |       0 |   0.0
        D:2 |      39 |      16 |  29.1 |      15 |       7 |  31.8
        D:3 |      65 |       0 |   0.0 |      16 |       0 |   0.0
            +---------+---------+-------+---------+---------+-------

Illustrated notes

Table legend:
 A = Kills in this place as a percentage of kills in entire the game.
 B = Kills by you in this place as a percentage of kills by you in the entire game.
 C = Kills by friends in this place as a percentage of kills by friends in the entire game.
 D = Other kills in this place as a percentage of other kills in the entire game.
 E = Experience gained in this place as a percentage of experience gained in the entire game.
 F = Experience gained in this place divided by the number of levels of this place that you have seen.
                   A       B       C       D       E      F
               +-------+-------+-------+-------+-------+----------------------
         Total | 100.0 | 100.0 |   N/A |   N/A | 100.0 |  50.0
       Dungeon | 100.0 | 100.0 |   N/A |   N/A | 100.0 |  50.0
               +-------+-------+-------+-------+-------+----------------------

Table legend: (Time is in decaauts)
 A = Elapsed time spent in this place.
 B = Non-inter-level travel time spent in this place.
 C = Inter-level travel time spent in this place.
 D = Time resting spent in this place.
 E = Time spent auto-exploring this place.
 F = Levels seen in this place.
 G = Mean time per level.
                   A        B        C        D        E       F      G
               +--------+--------+--------+--------+--------+-----+--------+
         Total |   2449 |   2406 |     43 |    462 |   1554 |   3 |  816.3 |
       Dungeon |   2449 |   2406 |     43 |    462 |   1554 |   3 |  816.3 |
               +--------+--------+--------+--------+--------+-----+--------+

Top non-repeatable levels by time:
     D:2: 1058 daAuts
     D:1: 695 daAuts
     D:3: 695 daAuts
